 Dungeon Crawl Stone Soup version 0.23-a0-109-g5e4b187 (webtiles) character file.

6144 zewo the Destroyer (level 10, -8/81 HPs)
             Began as a Green Draconian Fire Elementalist on Aug 22, 2018.
             Was an Initiate of Vehumet.
             Mangled by an unseen horror (9 damage)
             ... on level 9 of the Dungeon.
             The game lasted 00:59:48 (13058 turns).

zewo the Destroyer (DrFE)                          Turns: 13058, Time: 00:59:48

Health: -8/81      AC:  9    Str: 11    XL:     10   Next: 59%
Magic:  13/17      EV: 14    Int: 19    God:    Vehumet [......]
Gold:   572        SH:  4    Dex: 11    Spells: 9/19 levels left

rFire    . . .     SeeInvis .   a - staff of conjuration
rCold    . . .     Gourm    .   G - +0 buckler
rNeg     + . .     Faith    .   (armour unavailable)
rPois    +         Spirit   .   (helmet restricted)
rElec    .         Reflect  .   N - +0 cloak {rPois}
rCorr    .         Harm     .   O - +0 pair of gloves
MR       .....                  (no boots)
Stlth    ++........             (no amulet)
HPRegen  0.23/turn              l - ring of positive energy
MPRegen  0.15/turn              I - ring of wizardry

@: no status effects
A: breathe noxious fumes, unfitting armour, poison resistance, cold-blooded, AC
+7
a: Breathe Noxious Fumes, Renounce Religion


You were on level 9 of the Dungeon.
You worshipped Vehumet.
Vehumet was noncommittal.
You were very hungry.

You visited 2 branches of the dungeon, and saw 10 of its levels.

You collected 572 gold pieces.

Inventory:

Hand Weapons
 o - a +0 blowgun
 K - a +1 short sword of flaming
 M - a +4 quarterstaff of chaos
Missiles
 e - 8 poisoned needles
 f - 331 stones (quivered)
 z - 109 sling bullets
 E - 7 tomahawks
 J - 3 javelins
Armour
 G - a +0 buckler (worn)
 N - a +0 cloak of poison resistance (worn)
 O - a +0 pair of gloves (worn)
Magical Staves
 a - an uncursed staff of conjuration (weapon)
 b - an uncursed staff of wizardry
Jewellery
 l - a ring of positive energy (left hand)
 s - an uncursed ring of stealth
 I - a ring of wizardry (right hand)
Wands
 t - a wand of clouds (4)
 B - a wand of enslavement (30)
 C - a wand of digging (12)
 Q - a wand of iceblast (3)
Scrolls
 c - 4 scrolls of remove curse
 d - a scroll of enchant weapon
 i - a scroll of random uselessness
 j - 7 scrolls of teleportation
 k - a scroll of fear
 n - a scroll of brand weapon
 p - 4 scrolls of amnesia
 q - a scroll of fog
 v - 2 scrolls of immolation
 y - a scroll of noise
 A - 3 scrolls of enchant armour {unknown}
 F - a scroll of blinking
 L - a scroll of vulnerability {unknown}
 P - a scroll of identify
Potions
 g - a potion of magic {unknown}
 h - 3 potions of lignification
 m - 2 potions of heal wounds
 r - a potion of haste
 w - a potion of ambrosia
 x - 4 potions of curing
 D - 2 potions of berserk rage
 H - a potion of might
Comestibles
 u - 12 rations


   Skills:
 - Level 5.4 Fighting
 - Level 6.0 Dodging
 - Level 1.7 Stealth
 - Level 4.0 Shields
 - Level 5.0 Spellcasting
 + Level 9.1 Conjurations
 + Level 8.8 Fire Magic


You had 9 spell levels left.
You knew the following spells:

 Your Spells              Type           Power        Failure   Level  Hunger
a - Flame Tongue          Conj/Fire      #####        1%          1    None
b - Throw Flame           Conj/Fire      ######       1%          2    #......
c - Conjure Flame         Conj/Fire      ######..     1%          3    ##.....
d - Sticky Flame          Conj/Fire      ######..     1%          4    ####...

Your spell library contained the following spells:

 Spells                   Type           Power        Failure   Level  Hunger
 Inner Flame              Hex/Fire       ###.....     2%          3    ##.....
 Fireball                 Conj/Fire      ######....   3%          5    ######.


Dungeon Overview and Level Annotations

Branches:
Dungeon (9/15)             Temple (1/1) D:7
   Lair: D:8-11         Orc: D:9-12

Altars:
Ashenzari
Cheibriados
Dithmenos
Elyvilon
Fedhas
Gozag
Hepliaklqana
Kikubaaqudgha
Makhleb
Nemelex Xobeh
Okawaru
Qazlal
Ru
Sif Muna
Trog
Uskayaw
Vehumet
Wu Jian
Xom
Yredelemnul
Zin
The Shining One

Shops:
D:8 (

Annotations:
D:3 Grinder


Innate Abilities, Weirdness & Mutations

You can breathe blasts of noxious fumes.
Your lurid green scales are hard. (AC +7)
You cannot fit into any form of body armour.
Your system is resistant to poisons. (rPois)
You are cold-blooded and may be slowed by cold attacks.


Message History

Confirm with . or Enter, or press ? or * to list all spells.
Aiming: Flame Tongue (safe; 1% risk of failure)
Press: ? - help, Shift-Dir - straight line You feel a surge of power!
The flame tongue hits something.
Something hits you!
* * * LOW HITPOINT WARNING * * *
Something hits you.
* * * LOW HITPOINT WARNING * * *
Something hits you!
* * * LOW HITPOINT WARNING * * *
Something completely misses you. Something hits you but does no damage.
Something hits you.
* * * LOW HITPOINT WARNING * * *
Something hits you!
* * * LOW HITPOINT WARNING * * *
Something hits you but does no damage. Something hits you!
* * * LOW HITPOINT WARNING * * *
Something hits you!
You die...

#.............#..........#
#....##########.........[#
###### ................#
................#
................#
....#...........#
....#...........#
............)...#
.......@........#
........#####...#
........#####...#
................#
..##............# .
#...#........#
#...#........#
#...#........#
######.......#


There were no monsters in sight!

Vanquished Creatures
  2 two-headed ogres
  Pikel (D:5)
  A vampire (D:9)
  4 hogs (D:7)
  A human (D:7)
  Duvessa (D:4)
  An orc warrior (D:8)
  2 sky beasts
  3 ice beasts
  4 ogres
  5 phantoms
  4 centaurs
  A crocodile (D:4)
  Blork the orc (D:5)
  2 bullfrogs
  A wyvern zombie (D:7)
  Dowan (D:4)
  A water moccasin zombie (D:7)
  3 scorpions
  5 howler monkeys
  3 crimson imps
  2 bullfrog zombies
  3 jellies
  2 orc priests
  2 hounds (D:6)
  Crazy Yiuf (D:5)
  2 centaur skeletons
  Jessica (D:3)
  Ijyb (D:4)
  4 iguanas
  3 orc wizards
  5 worker ants
  A killer bee zombie (D:8)
  2 hound skeletons (D:6)
  8 adders
  2 shadow imps (D:8)
  An ooze (D:1)
  2 worms
  2 dart slugs
  A leopard gecko (D:4)
  17 orcs
  A ball python (D:3)
  4 giant cockroaches
  7 goblins
  6 hobgoblins
  6 jackals
  3 quokkas
  6 bats
  9 frilled lizards
  A jackal skeleton (D:4)
  7 kobolds
  A quokka skeleton (D:2)
  10 rats
170 creatures vanquished.

Vanquished Creatures (others)
  4 slaves (D:5)
  A centaur (D:5)
  A crimson imp (D:5)
  A killer bee zombie (D:5)
7 creatures vanquished.

Grand Total: 177 creatures vanquished

Notes
Turn   | Place    | Note
-------+----------+-------------------------------------------
     0 | D:1      | zewo the Draconian Fire Elementalist began the quest for the Orb.
     0 | D:1      | Reached XP level 1. HP: 14/14 MP: 3/3
   261 | D:1      | Reached skill level 1 in Fighting
   599 | D:1      | Reached XP level 2. HP: 23/23 MP: 5/5
   783 | D:1      | Learned a level 2 spell: Throw Flame
  1013 | D:1      | Reached skill level 2 in Conjurations
  1140 | D:2      | Noticed a phantom
  1446 | D:2      | Reached XP level 3. HP: 29/29 MP: 1/6
  2015 | D:2      | Killed a phantom
  2015 | D:2      | Reached skill level 3 in Conjurations
  2015 | D:2      | Reached XP level 4. HP: 6/39 MP: 0/7
  2015 | D:2      | Reached XP level 5. HP: 7/45 MP: 0/8
  2652 | D:2      | Found a shimmering altar of Xom.
  3309 | D:3      | Noticed Jessica
  3312 | D:3      | Killed Jessica
  3626 | D:4      | Found a blossoming altar of Fedhas.
  3709 | D:4      | Noticed Ijyb
  3718 | D:4      | Killed Ijyb
  3718 | D:4      | Reached XP level 6. HP: 52/52 MP: 7/9
  3782 | D:4      | Reached skill level 4 in Conjurations
  4319 | D:4      | Your scales start taking on a lurid green colour.
  4319 | D:4      | Reached XP level 7. HP: 33/60 MP: 8/11
  4319 | D:4      | Gained mutation: Your system is resistant to poisons. (rPois) [Green Draconian growth]
  4709 | D:5      | Entered Level 5 of the Dungeon
  4727 | D:5      | Noticed Grinder
  5007 | D:5      | Noticed Pikel
  5025 | D:5      | Killed Pikel
  5025 | D:5      | Reached skill level 5 in Fighting
  5025 | D:5      | Reached skill level 5 in Conjurations
  5025 | D:5      | Reached XP level 8. HP: 40/69 MP: 2/13
  5298 | D:5      | Noticed Duvessa
  5463 | D:5      | Noticed Blork the orc
  5472 | D:5      | Killed Blork the orc
  5603 | D:5      | Reached skill level 5 in Fire Magic
  5835 | D:4      | Learned a level 3 spell: Conjure Flame
  5840 | D:4      | Learned a level 4 spell: Sticky Flame
  5852 | D:5      | Noticed Dowan
  5866 | D:4      | Killed Duvessa
  5869 | D:4      | Killed Dowan
  6344 | D:6      | Reached skill level 6 in Conjurations
  6928 | D:6      | Reached XP level 9. HP: 22/74 MP: 2/16
  7206 | D:6      | Found a glowing golden altar of the Shining One.
  7617 | D:7      | Reached skill level 5 in Spellcasting
  7680 | D:7      | Reached skill level 5 in Dodging
  7704 | D:7      | Found a staircase to the Ecumenical Temple.
  8187 | D:7      | Found an opulent altar of Gozag.
  8187 | D:7      | Found an ancient bone altar of Kikubaaqudgha.
  8263 | Temple   | Entered the Ecumenical Temple
  8959 | D:7      | Reached skill level 7 in Conjurations
  9815 | D:4      | Paralysed by Grinder for 5 turns
  9822 | D:3      | Paralysed by Grinder for 7 turns
 10121 | D:5      | Found a runed door.
 10513 | D:5      | Noticed Crazy Yiuf
 10521 | D:5      | Killed Crazy Yiuf
 10653 | D:8      | Noticed a two-headed ogre
 10735 | D:7      | Killed a two-headed ogre
 10735 | D:7      | Reached skill level 8 in Conjurations
 10735 | D:7      | Reached XP level 10. HP: 16/81 MP: 1/17
 11100 | D:8      | Noticed a two-headed ogre
 11116 | D:8      | Killed a two-headed ogre
 11711 | D:8      | Found a burning altar of Makhleb.
 11933 | D:8      | Found a radiant altar of Vehumet.
 11937 | D:8      | Became a worshipper of Vehumet
 12057 | D:8      | Found Morhugec's Weapon Shoppe.
 12677 | D:9      | Reached skill level 9 in Conjurations
 13058 | D:9      | HP: 1/81 [something (8)]
 13058 | D:9      | Mangled by an unseen horror

Vault maps used:
D:1:      dpeg_arrival_shrine, minmay_heptomino_l4
D:2:      first_ration, xom_teletrap_fun
D:3:      uniq_jessica
D:4:      lemuel_statue_altar, uniq_ijyb
D:5:      uniq_duvessa, uniq_pikel, uniq_blork_the_orc, uniq_crazy_yiuf_cottage,
          uniq_grinder
D:6:      basic_altar, minmay_misc_feat_square
D:7:      gammafunk_temple_overflow_pools, minmay_temple_entry_mist,
          serial_glass, glass_columns_b, glass_columns_a, glass_columns_a,
          glass_columns_a, glass_columns_a, glass_columns_a, glass_columns_b,
          glass_columns_a, grunt_livestock, kennysheep_generic_room_14
D:8:      marbit_many_paths, kennysheep_little_box, serial_shops,
          kennysheep_mini_moat
D:9:      erik_lair_dragon
Temple:   dpeg_five_rooms_temple

Skill      XL: |  1  2  3  4  5  6  7  8  9 10 |
---------------+-------------------------------+-----
Fighting       | 1 2 3 4 5 |  5.4
Conjurations   | 2 3 4 5 6 8 9 |  9.1
Dodging        | 2 3 4 6 |  6.0
Spellcasting   | 3 4 5 |  5.0
Fire Magic     | 4 5 8 |  8.8
Shields        | 2 4 |  4.0
Stealth        | |  1.7

Action                   |  1- 3 |  4- 6 |  7- 9 | 10-12 || total
-------------------------+-------+-------+-------+-------++-------
Melee: Unarmed           |    31 |       |       |       ||    31
       Club              |    91 |     3 |       |       ||    94
       Tailslap          |     4 |     3 |    31 |     5 ||    43
       Short sword       |       |    28 |   246 |    30 ||   304
       Staff             |       |       |    33 |     9 ||    42
 Fire: Blowgun           |       |    56 |    32 |       ||    88
Throw: Stone             |       |    30 |    17 |       ||    47
 Cast: Throw Flame       |    17 |     8 |    51 |    16 ||    92
       Flame Tongue      |    23 |    61 |   168 |    76 ||   328
       Sticky Flame      |       |       |    12 |     4 ||    16
       Conjure Flame     |       |       |     4 |     4 ||     8
 Abil: Breathe Noxious F |       |       |    10 |     3 ||    13
Evoke: Wand              |       |       |       |     1 ||     1
  Use: Potion            |     1 |       |     2 |       ||     3
       Scroll            |       |     6 |    11 |       ||    17
 Stab: Sleeping          |     1 |     3 |     1 |       ||     5
  Eat: Chunk             |     4 |     6 |    11 |     8 ||    29
       Ration            |       |     1 |     4 |       ||     5
Armor: Skin              |    70 |    16 |   126 |    24 ||   236
Dodge: Dodged            |   136 |    48 |   277 |    33 ||   494
Block: Buckler           |       |       |     2 |    14 ||    16

Table legend:
 A = Non-vault XP
 B = Vault XP
 C = Vault XP percentage of total XP
 D = Non-vault monster count
 E = Vault monster count
 F = Vault count percentage of total count
                 A         B        C        D         E       F
            +---------+---------+-------+---------+---------+-------
      Total |    6781 |    1997 |  22.8 |     157 |      14 |   8.2
            +---------+---------+-------+---------+---------+-------
        D:1 |      30 |       3 |   9.1 |      16 |       2 |  11.1
        D:2 |     204 |       0 |   0.0 |      23 |       0 |   0.0
        D:3 |      40 |      37 |  48.1 |      17 |       1 |   5.6
        D:4 |     597 |     255 |  29.9 |      24 |       3 |  11.1
        D:5 |     797 |     766 |  49.0 |      15 |       3 |  16.7
        D:6 |     594 |       0 |   0.0 |      14 |       0 |   0.0
        D:7 |    1972 |     936 |  32.2 |      22 |       5 |  18.5
        D:8 |    1887 |       0 |   0.0 |      18 |       0 |   0.0
        D:9 |     660 |       0 |   0.0 |       8 |       0 |   0.0
            +---------+---------+-------+---------+---------+-------
